 Dungeon Crawl Stone Soup version 0.21.1-1-g345015fe64 (webtiles) character file.

4601 Naru the Basher (level 10, -8/100 HPs)
             Began as a Deep Dwarf Fighter on June 12, 2018.
             Was a Priest of Elyvilon.
             Mangled by an ogre
             ... wielding a +0 giant club
              (12 damage)
             ... on level 9 of the Dungeon.
             The game lasted 00:25:19 (8716 turns).

Naru the Basher (Deep Dwarf Fighter)                Turns: 8716, Time: 00:25:20

Health: -8/100     AC:  9    Str: 23    XL:     10   Next: 19%
Magic:  5/6        EV:  8    Int:  9    God:    Elyvilon [***...]
Gold:   594        SH: 10    Dex: 14    Spells: 8/9 levels left

rFire    . . .     SeeInvis .   s - +0 morningstar (protect)
rCold    + . .     Gourm    .   c - +1 shield
rNeg     . . .     Faith    .   F - +4 ring mail
rPois    +         Spirit   .   (no helmet)
rElec    .         Reflect  .   (no cloak)
rCorr    .         Harm     .   (no gloves)
MR       +....                  (no boots)
Stlth    +.........             P - amulet of regeneration
HPRegen  0.00/turn              k - ring of poison resistance
MPRegen  0.10/turn              m - ring of protection from cold

@: fainting, non-regenerating, very heavily drained
A: damage resistance, heal wounds, mutation resistance 1, sense surroundings 2,
robust 1, strong 1, MP-powered wands, no regeneration
a: Heal Wounds, Lesser Healing, Heal Other, Purification, Divine Protection,
Renounce Religion


You were on level 9 of the Dungeon.
You worshipped Elyvilon.
Elyvilon was most pleased with you.
You were fainting.

You visited 2 branches of the dungeon, and saw 10 of its levels.
You also visited: Ossuary.

You collected 594 gold pieces.

Inventory:

Hand Weapons
 b - a +0 blowgun
 s - a +0 morningstar of protection (weapon)
Missiles
 a - 42 poisoned needles
 C - 2 needles of sleeping
Armour
 c - a +1 shield (worn)
 F - a +4 ring mail (worn)
Jewellery
 k - a ring of poison resistance (left hand)
 l - an uncursed ring of resist corrosion
 m - a ring of protection from cold (right hand)
 y - a +2 amulet of reflection
 I - an uncursed amulet of rage
 N - an uncursed ring of positive energy
 P - an amulet of regeneration (around neck)
Wands
 t - a wand of disintegration (11)
 M - a wand of flame (25)
Scrolls
 h - 2 scrolls of amnesia
 i - 2 scrolls of fog
 n - 4 scrolls of teleportation
 v - 6 scrolls of remove curse
 B - a scroll of fear
 K - a scroll of blinking
 Q - a scroll of enchant armour
Potions
 d - 2 potions of might
 e - 4 potions of curing
 g - 3 potions of agility
 j - 2 potions of magic
 o - 2 potions of heal wounds
 p - a potion of experience {unknown}
 u - 6 potions of brilliance
 w - 5 potions of lignification
 x - 2 potions of invisibility {unknown}
 z - 3 potions of haste
 A - 2 potions of cancellation
 D - a potion of resistance {unknown}
 H - a potion of flight {unknown}
 J - a potion of ambrosia
Books
 G - a book of Battle

   Spells                             Type                      Level
   a - Infusion                       Charms                       1
   b - Shroud of Golubria             Charms/Translocation         2
   c - Song of Slaying                Charms                       2
   d - Spectral Weapon                Hexes/Charms                 3
   e - Regeneration                   Charms/Necromancy            3
Comestibles
 f - 3 rations


   Skills:
 * Level 5.9(2.5) Fighting
   Level 4.3(4.7) Axes
 * Level 10.2(6.6) Maces & Flails
 + Level 5.6(2.2) Armour
 + Level 3.3(0.1) Dodging
 + Level 6.6(3.1) Shields
 * Level 4.0(0.7) Invocations
 + Level 2.8(0.0) Evocations


You had 8 spell levels left.
You knew the following spells:

 Your Spells              Type           Power        Failure   Level  Hunger
a - Infusion              Chrm           #...         96%         1    ##.....


Dungeon Overview and Level Annotations

Branches:
Dungeon (9/15)             Temple (1/1) D:6
   Lair: D:8-11         Orc: D:9-12

Altars:
Dithmenos
Elyvilon
Fedhas
Gozag
Hepliaklqana
Kikubaaqudgha
Makhleb
Sif Muna
Wu Jian
Xom
Zin


Innate Abilities, Weirdness & Mutations

You are resistant to damage.
You can heal yourself by infusing magical energy.
You passively map the area around you.
You do not regenerate.
You are somewhat resistant to further mutation.
You are robust. (+10% HP)
Your muscles are strong. (Str +2)
You expend magic power (3 MP) to strengthen your wands.


Message History

The orc wizard gestures wildly while chanting.
The orc wizard blinks!
You block the orc's attack. The hungry ghost barely misses you.
The ogre hits you with a giant club.
* * * LOW HITPOINT WARNING * * *
The orc warrior barely misses you. The hungry ghost closely misses you.
You block the orc's attack.
You miss the hungry ghost.
The hungry ghost is almost destroyed.
The orc wizard gestures at you while chanting.
The magic dart hits you! The ogre hits you with a giant club!!
* * * LOW HITPOINT WARNING * * *
The orc warrior hits you with a mace of draining!
* * * LOW HITPOINT WARNING * * *
You feel drained.
* * * LOW HITPOINT WARNING * * *
You block the hungry ghost's attack. You block the orc's attack.
You miss the hungry ghost.
The hungry ghost is almost destroyed.
The ogre hits you with a giant club!
You die...

..# ########### ..#####
#.........# ......#
#.........#
......######.........### *
........................,,,
, #######.................
, #.........o....... ,,
#...#####........., ,,
#...# #o@.......,, , ,
#...# #oWO...... , ,, *
***#...# #.o....... ,* **
....#* *#.........,, ,,,
..... ,....#####. ,, , , ,,
,, ..##'# * + * , ,.? .., ,
... * ** * ... ... ** #.. ,
, * #..


You could see a hungry ghost, an orc warrior, an ogre, an orc wizard and 2 orcs.

Vanquished Creatures
  Pikel (D:7)
  A spriggan (D:8)
  A black bear (D:6)
  2 sky beasts
  7 ice beasts
  3 ogres
  5 orc warriors
  A slave (D:7)
  A centaur (D:7)
  3 bullfrogs (D:6)
  A wyvern zombie (D:7)
  5 killer bees (D:7)
  2 electric eels (D:8)
  2 howler monkeys
  3 crimson imps
  A bullfrog zombie (D:8)
  A quasit (D:7)
  A gnoll shaman (D:6)
  A bullfrog skeleton (D:9)
  12 orc wizards
  13 orc priests
  A centaur skeleton (D:9)
  Jessica (D:2)
  An iguana (D:5)
  6 worker ants
  2 killer bee zombies
  A hound skeleton (D:7)
  8 mummies (Ossuary)
  5 adders
  11 gnolls
  2 shadow imps
  2 oozes
  An adder skeleton (D:4)
  3 worms
  A dart slug (D:3)
  5 leopard geckos
  48 orcs
  3 bats
  2 giant cockroaches (D:4)
  7 goblins
  8 hobgoblins
  8 jackals
  2 quokkas
  3 ball pythons (D:3)
  7 frilled lizards
  A gnoll zombie (Ossuary)
  A hobgoblin zombie (Ossuary)
  6 kobolds
  6 orc zombies (Ossuary)
  A quokka zombie (D:4)
  7 rats
  A rat zombie (D:4)
228 creatures vanquished.

Vanquished Creatures (others)
  An orc (D:5)
1 creature vanquished.

Grand Total: 229 creatures vanquished

Notes
Turn   | Place    | Note
-------+----------+-------------------------------------------
     0 | D:1      | Naru the Deep Dwarf Fighter began the quest for the Orb.
     0 | D:1      | Reached XP level 1. HP: 20/20 MP: 1/1
   160 | D:1      | Reached XP level 2. HP: 21/27 MP: 2/2
   979 | D:2      | Reached XP level 3. HP: 25/34 MP: 3/3
  1238 | D:2      | Noticed Jessica
  1245 | D:2      | Killed Jessica
  1401 | D:3      | Reached XP level 4. HP: 25/42 MP: 4/4
  1674 | D:3      | Reached XP level 5. HP: 49/49 MP: 5/5
  1711 | D:3      | Found a faded altar of an unknown god.
  1829 | D:3      | Noticed an ice beast
  1841 | D:3      | Killed an ice beast
  1841 | D:3      | Reached skill level 2 in Maces & Flails
  2513 | D:3      | Reached XP level 6. HP: 40/56 MP: 6/6
  3047 | D:4      | Found a sand-covered staircase.
  3055 | Ossuary  | Entered an ossuary
  3126 | Ossuary  | Reached skill level 3 in Maces & Flails
  3541 | D:4      | Reached skill level 4 in Maces & Flails
  3541 | D:4      | Reached XP level 7. HP: 61/64 MP: 5/5
  3800 | D:4      | Reached skill level 5 in Maces & Flails
  3800 | D:4      | Reached skill level 1 in Dodging
  4365 | D:4      | You fall through a shaft for 2 floors!
  4365 | D:6      | Found a staircase to the Ecumenical Temple.
  4388 | Temple   | Entered the Ecumenical Temple
  4422 | Temple   | Became a worshipper of Elyvilon the Healer
  4546 | D:6      | Reached XP level 8. HP: 59/73 MP: 5/5
  4565 | D:6      | Reached skill level 5 in Shields
  4618 | D:5      | Entered Level 5 of the Dungeon
  4637 | D:6      | Reached skill level 5 in Armour
  4665 | D:6      | Reached skill level 6 in Maces & Flails
  4842 | D:5      | Reached * piety under Elyvilon
  5140 | D:5      | Reached skill level 7 in Maces & Flails
  5205 | D:5      | Reached skill level 1 in Evocations
  5424 | D:5      | Reached skill level 5 in Fighting
  5559 | D:6      | Gained mutation: You passively map the area around you. [Deep Dwarf growth]
  5559 | D:6      | Reached XP level 9. HP: 71/81 MP: 6/6
  5584 | D:6      | Reached skill level 1 in Invocations
  5997 | D:6      | Reached skill level 8 in Maces & Flails
  6019 | D:6      | Found a shadowy altar of Dithmenos.
  6724 | D:7      | Reached skill level 9 in Maces & Flails
  6801 | D:7      | Reached ** piety under Elyvilon
  7217 | D:7      | Noticed Pikel
  7254 | D:7      | Killed Pikel
  7575 | D:8      | Reached XP level 10. HP: 68/91 MP: 8/8
  7702 | D:8      | Reached *** piety under Elyvilon
  7815 | D:8      | Found a shimmering altar of Xom.
  7833 | D:8      | Found a shimmering altar of Xom.
  7833 | D:8      | Found a shimmering altar of Xom.
  8196 | D:8      | Reached skill level 10 in Maces & Flails
  8258 | D:8      | Learned a level 1 spell: Infusion
  8350 | D:8      | Gained mutation: Your muscles are strong. (Str +2) [potion of mutation]
  8350 | D:8      | Gained mutation: You are robust. (+10% HP) [potion of mutation]
  8350 | D:8      | Gained mutation: You expend magic power (3 MP) to strengthen your wands. [potion of mutation]
  8350 | D:8      | Gained mutation: You are somewhat resistant to further mutation. [potion of mutation]
  8715 | D:9      | HP: 5/100 [orc warrior/mace of draining (5)]
  8716 | D:9      | Mangled by an ogre

Skill      XL: |  1  2  3  4  5  6  7  8  9 10 |
---------------+-------------------------------+-----
Fighting       | 3 4 5 |  5.9
Axes           | 3 4 |  4.3
Maces & Flails | 2 4 5 7 9 10 | 10.2
Armour         | 4 5 |  5.6
Shields        | 4 5 6 |  6.6
Dodging        | 1 2 3 |  3.3
Evocations     | 1 2 |  2.8
Invocations    | 3 4 |  4.0

Action                   |  1- 3 |  4- 6 |  7- 9 | 10-12 || total
-------------------------+-------+-------+-------+-------++-------
Melee: War axe           |   117 |    13 |       |       ||   130
       Morningstar       |       |   244 |   566 |   130 ||   940
Invok: Lesser Healing    |       |       |    17 |     5 ||    22
       Divine Protection |       |       |       |     1 ||     1
       Heal Other        |       |       |       |     1 ||     1
 Abil: Heal Wounds       |     1 |    12 |    12 |     5 ||    30
Evoke: Wand              |       |       |     2 |       ||     2
  Use: Scroll            |       |     5 |     7 |     8 ||    20
       Potion            |       |       |       |     1 ||     1
  Eat: Chunk             |     2 |       |     1 |       ||     3
       Ration            |       |     2 |     5 |     3 ||    10
Armor: Scale mail        |    50 |    15 |       |       ||    65
       Chain mail        |       |   186 |    42 |       ||   228
       Ring mail         |       |       |   184 |    48 ||   232
Dodge: Dodged            |    33 |    80 |   173 |    53 ||   339
Block: Shield            |    54 |   172 |   401 |    84 ||   711
       Reflection        |       |       |    12 |       ||    12
